 Dungeon Crawl Stone Soup version 0.29-a0-321-gf1c4007 (webtiles) character file.

Game seed: 12478343278757901063

85850 Toastz the Warrior (level 15, -1/157 HPs)
             Began as a Minotaur Fighter on Apr 2, 2022.
             Was a Follower of Yredelemnul.
             Slain by an alligator snapping turtle (26 damage)
             ... on level 1 of the Shoals on Apr 3, 2022.
             The game lasted 01:35:33 (28840 turns).

Toastz the Warrior (Minotaur Fighter)              Turns: 28840, Time: 01:35:34

Health: -1/157     AC: 43    Str: 30    XL:     15   Next: 39%
Magic:  20/20      EV: 10    Int:  5    God:    Yredelemnul [*.....]
Gold:   2102       SH:  0    Dex: 13    Spells: 14/14 levels left

rFire   + . .      SeeInvis .   a - +2 battleaxe (vorpal)
rCold   . . .      Faith    +   (shield currently unavailable)
rNeg    . . .      Spirit   .   U - +4 crystal plate armour of Duty {rElec rF+ Str+2 Dex+3 Stlth-}
rPois   .          Reflect  .   (helmet restricted)
rElec   +          Harm     .   N - +2 cloak
rCorr   .          Rampage  .   x - +2 pair of gloves
Will    ++...                   P - +2 pair of boots
Stlth   ..........              S - amulet of faith
HPRegen 0.36/turn               g - +4 ring of protection
MPRegen 0.17/turn               A - ring of willpower

@: lethally poisoned (-1 -> -5), studying Fire Magic
A: horns 2, retaliatory headbutt
a: Renounce Religion, Recall Undead Harvest


You were on level 1 of the Shoals.
You worshipped Yredelemnul.
Yredelemnul was aware of your devotion.
You visited 5 branches of the dungeon, and saw 25 of its levels.
You visited the Abyss 1 time.
You also visited: Sewer and Bailey.

You collected 2408 gold pieces.
You spent 306 gold pieces at shops.

Inventory:

Hand Weapons
 a - a +2 vorpal battleaxe (weapon)
 b - a +1 flail of protection
 O - the +7 great mace "Ogrebane" {spect, rCorr Str+6 Stlth+}
   (You found it on level 6 of the Lair of Beasts)

   When its wielder attacks, the weapon's spirit leaps out and strikes again.
   The spirit shares a part of any damage it takes with its wielder.
   Str:       It affects your strength (+6).
   rCorr:     It protects you from acid and corrosion.
   Stlth:     It makes you more stealthy.
 R - the +5 great mace of the Majestic God {drain, *Rage Will+ Int+4 SInv}
   (You found it on level 12 of the Dungeon)

   A truly terrible weapon, it drains the life of any living foe it strikes.
   Int:       It affects your intelligence (+4).
   SInv:      It lets you see invisible.
   *Rage:     It berserks you when you make melee attacks (+20% chance).
   Will:      It increases your willpower.
 T - a +0 broad axe
Missiles
 w - 12 javelins (quivered)
 D - 11 curare-tipped darts
 Y - 5 datura-tipped darts
Armour
 c - a +0 buckler
 x - a +2 pair of gloves (worn)
 M - a scarf of invisibility
 N - a +2 cloak (worn)
 P - a +2 pair of boots (worn)
 U - the +4 crystal plate armour of Duty (worn) {rElec rF+ Str+2 Dex+3 Stlth-}
   (You acquired it in a bailey)

   Str:       It affects your strength (+2).
   Dex:       It affects your dexterity (+3).
   rF:        It protects you from fire.
   rElec:     It insulates you from electricity.
   Stlth:     It makes you less stealthy.
Jewellery
 g - a +4 ring of protection (left hand)
 t - a ring of protection from fire
 u - a ring of protection from fire
 y - a ring of willpower
 A - a ring of willpower (right hand)
 I - a ring of poison resistance
 S - an amulet of faith (around neck)
 Z - a ring of positive energy
Wands
 n - a wand of mindburst (17)
 o - a wand of acid (25)
 v - a wand of iceblast (6)
 G - a wand of polymorph (21)
Scrolls
 e - 3 scrolls of enchant weapon
 h - 5 scrolls of teleportation
 j - 5 scrolls of immolation
 p - a scroll of brand weapon {unknown}
 r - 2 scrolls of fear
 s - 5 scrolls of fog
 E - a scroll of blinking {unknown}
 J - 4 scrolls of vulnerability {unknown}
 K - 3 scrolls of summoning
 L - 2 scrolls of magic mapping
 Q - 3 scrolls of silence
Potions
 d - 6 potions of might
 f - 4 potions of attraction
 i - 5 potions of flight
 k - 10 potions of mutation
 l - 5 potions of brilliance
 m - 13 potions of curing
 q - 6 potions of magic
 z - 4 potions of haste
 B - a potion of resistance {unknown}
 C - a potion of heal wounds
 F - 3 potions of berserk rage
 H - 2 potions of invisibility
 V - 3 potions of ambrosia
 X - 2 potions of cancellation {unknown}
Miscellaneous
 W - a phial of floods


   Skills:
 + Level 20.8 Fighting
 - Level 16.0 Axes
 + Level 15.8 Armour
 + Level 8.7 Dodging
 - Level 3.7 Shields
 - Level 8.0 Invocations


You had 14 spell levels left.
You didn't know any spells.
Your spell library contained the following spells:

 Spells                   Type           Power      Damage    Failure   Level
 Animate Skeleton         Necr           0%         N/A       100%        1
 Apportation              Tloc           0%         N/A       100%        1
 Sting                    Tmut/Pois      0%         1d3       100%        1
 Summon Small Mammal      Summ           0%         N/A       100%        1
 Blink                    Tloc           0%         N/A       100%        2
 Corpse Rot               Necr/Air       0%         N/A       100%        2
 Poisonous Vapours        Pois/Air       0%         N/A       100%        2
 Sublimation of Blood     Necr           0%         N/A       100%        2
 Wereblood                Tmut           0%         N/A       100%        2
 Fulminant Prism          Conj/Hex       0%         3d6       100%        4
 Hailstorm                Conj/Ice       0%         3d3       100%        4
 Ice Form                 Ice/Tmut       0%         N/A       100%        4
 Iskenderun's Mystic Bla  Conj/Tloc      0%         2d3       100%        4
 Olgreb's Toxic Radiance  Pois           0%         N/A       100%        4
 Alistair's Intoxication  Tmut/Pois      0%         N/A       100%        5
 Borgnjor's Vile Clutch   Necr/Erth      0%         N/A       100%        5
 Freezing Cloud           Conj/Ice/Air   0%         6-21      100%        5
 Lee's Rapid Deconstruct  Erth           0%         3d5*      100%        5
 Manifold Assault         Tloc           0%         N/A       100%        5
 Eringya's Noxious Bog    Tmut/Pois      0%         N/A       100%        6
 Simulacrum               Ice/Necr       0%         N/A       100%        6
 Storm Form               Tmut/Air       0%         N/A       100%        7
 Summon Hydra             Summ           0%         N/A       100%        7
 Polar Vortex             Ice            0%         N/A       100%        9


Dungeon Overview and Level Annotations

Branches:
Dungeon (15/15)            Temple (0/1) D:5            Lair (6/6) D:10
 Shoals (1/4) Lair:4        Snake (1/4) Lair:4        Slime (0/5) Lair:6
    Orc (2/2) D:12            Elf (0/3) Orc:2        Vaults (0/5) D:13
  Sewer (visited)          Bailey (visited)
 Depths: D:15

Altars:
Fedhas
Gozag
Hepliaklqana
Kikubaaqudgha
Makhleb
Qazlal
Ru
Sif Muna
Trog
Uskayaw
Vehumet
Xom
Yredelemnul
The Shining One

Shops:
D:7 [   Orc:2 (**!:   Shoals:1 (

Annotations:
D:15 Jorgrun
Snake:1 Aizul, Louise


Innate Abilities, Weirdness & Mutations

You have a pair of horns on your head.
You reflexively headbutt those who attack you in melee.


Message History

You carefully extract the barbed spikes from your body.
You feel very sick.
The alligator snapping turtle bites you but does no damage.
The snapping turtle bites you but does no damage.
The merfolk hits you from afar with a +0 trident.
You slash the manticore! You headbutt the manticore.
The manticore is almost dead.
You feel very sick. The manticore misses you. The manticore barely misses you.
The manticore claws you but does no damage.
The snapping turtle bites you but does no damage.
The alligator snapping turtle bites you from afar!!
The merfolk hits you but does no damage.
You hit the manticore.
The manticore is almost dead.
You feel very sick.
The manticore bites you but does no damage.
The manticore closely misses you. The manticore claws you.
* * * LOW HITPOINT WARNING * * *
The snapping turtle closely misses you.
The merfolk hits you but does no damage.
The alligator snapping turtle misses you.
You slash the manticore!
You kill the manticore!
You feel sick. The snapping turtle barely misses you.
Your merfolk zombie hits the alligator snapping turtle but does no damage.
The merfolk closely misses you.
You feel very sick.
The snapping turtle bites you but does no damage.
Your merfolk zombie hits the alligator snapping turtle but does no damage.
The merfolk hits you from afar with a +0 trident!
* * * LOW HITPOINT WARNING * * *
The alligator snapping turtle bites you but does no damage.
You feel very sick. The snapping turtle barely misses you.
Your merfolk zombie hits the alligator snapping turtle but does no damage.
The snapping turtle bites you but does no damage.
The alligator snapping turtle bites you from afar!!
You die...
Your body rises from the dead as a mindless zombie.

≈≈≈≈..≈≈≈≈≈≈≈≈≈.
≈≈..≈.≈≈≈≈≈≈≈....
≈≈.≈≈≈≈≈≈≈≈≈≈≈≈..
≈≈≈≈≈≈≈....≈.....
≈≈≈≈≈≈≈......!...
≈≈≈≈≈≈≈.Z.......
≈≈≈≈≈≈≈)tt...#
≈≈≈≈≈≈≈≈≈....#...
≈∩...≈≈m≈@≈≈...≈≈
≈....≈≈≈≈≈≈≈≈≈≈≈≈
≈.....≈≈≈≈≈≈≈≈§≈≈
≈....≈≈≈≈≈≈≈≈≈≈§≈
≈≈..≈≈≈≈≈≈≈≈≈≈≈≈≈
≈≈≈≈≈≈≈≈≈≈≈≈≈#...
≈≈≈≈≈≈≈≈≈≈≈≈≈####
≈≈≈≈≈≈≈≈≈≈≈..


You could see an alligator snapping turtle (ally target), a snapping turtle, a
merfolk and a friendly merfolk zombie.

Vanquished Creatures
  Rupert (D:14)
  Azrael (D:13)
  The ghost of Robanleu the Carver, a journeyman DjIE of Cheibriados (Lair:2)
  A naga warrior (Snake:1)
  2 hydras
  A boulder beetle (Lair:3)
  An anaconda (Snake:1)
  A merfolk avatar (Lair:6)
  4 centaur warriors
  An alligator (Lair:3)
  A death knight (D:14)
  A dancing weapon (D:13)
  2 two-headed ogres
  3 hell hogs (Abyss:2)
  A tengu warrior (D:14)
  An orc high priest (Orc:2)
  A shock serpent (Snake:1)
  A thrashing horror (Abyss:2)
  9 skeletal warriors
  A sixfirhy (Abyss:2)
  4 orc knights
  2 oklob plants
  2 phantasmal warriors
  5 ugly things
  6 cyclopes
  An orc sorcerer (Orc:1)
  5 manticores
  Maurice (D:8)
  3 elephants
  5 black mambas
  A smoke demon (Abyss:2)
  8 cane toads
  An unseen horror (Abyss:2)
  8 komodo dragons
  3 rime drakes
  2 freezing wraiths (Abyss:2)
  2 ancient zymes (Abyss:2)
  6 trolls
  A wind drake (Lair:6)
  2 hornets
  A merfolk (Shoals:1)
  3 polar bears (Lair:6)
  9 blink frogs
  A snapping turtle (Lair:4)
  A raiju (Abyss:2)
  A spriggan (Lair:1)
  7 wraiths
  A hog (D:13)
  7 wyverns
  A human (D:13)
  19 yaks
  3 basilisks
  2 fire elementals (D:13)
  A chaos spawn (Abyss:2)
  15 vampire mosquitoes
  4 wargs
  17 water moccasins
  2 nagas (Snake:1)
  2 acid dragons
  4 hell hounds (D:13)
  2 small abominations (Abyss:2)
  48 orc warriors
  4 ice beasts
  3 large abominations (Abyss:2)
  2 starcursed masses (Abyss:2)
  2 black bears
  17 centaurs
  4 wolves
  A phantom (D:5)
  2 kobold brigands
  4 bullfrogs
  3 gnoll sergeants
  2 scorpions
  7 wights
  8 killer bees
  10 howler monkeys
  6 hounds
  5 jellies
  A gnoll shaman (D:8)
  15 orc priests
  An iron imp (Abyss:2)
  Natasha (twice) (D:3)
  4 iguanas
  14 orc wizards
  A hell rat (Lair:6)
  18 gnolls
  5 adders
  4 white imps
  3 ufetubi
  3 worms
  2 dart slugs
  78 orcs
  5 ball pythons
  4 endoplasms
  2 giant cockroaches
  10 goblins
  7 hobgoblins
  3 jackals (D:4)
  A quokka (D:3)
  10 bats
  7 frilled lizards
  17 kobolds
  9 rats
  A plant (Snake:1)
561 creatures vanquished.

Vanquished Creatures (collateral kills)
  2 dire elephants (Lair:6)
  4 hydras
  A centaur warrior (D:14)
  A death knight (D:12)
  A dancing weapon (D:13)
  2 two-headed ogres
  2 thrashing horrors (Abyss:2)
  Urug (Lair:6)
  A sea snake (Lair:6)
  An orb spider (Abyss:2)
  2 harpies (Lair:6)
  A phantasmal warrior (D:12)
  A cyclops (D:13)
  3 manticores
  10 elephants
  A black mamba (Lair:6)
  A torpor snail (Lair:6)
  3 cane toads
  3 komodo dragons
  4 rime drakes
  5 polar bears
  Grinder (D:3)
  5 blink frogs
  A wraith (D:11)
  15 yaks
  2 wyverns (Lair:6)
  3 steam dragons (Lair:6)
  2 basilisks
  A vampire mosquito (D:13)
  A hell hound (D:13)
  6 water moccasins
  2 orc warriors (Orc:2)
  An ice beast (D:3)
  5 wolves (Lair:6)
  A centaur (D:14)
  3 bullfrogs
  A wight (D:6)
  A killer bee (D:7)
  2 howler monkeys (D:11)
  2 orc priests
  An orc wizard (D:7)
  3 hell rats (Lair:6)
  4 gnolls
  An adder (D:3)
  A worm (D:8)
  5 orcs
  A bat (Sewer)
  A giant cockroach (D:4)
  A ball python (D:3)
  3 goblins
  A kobold (D:3)
  A rat (D:2)
  A bush (Lair:6)
  A butterfly (Lair:2)
130 creatures vanquished.

Vanquished Creatures (others)
  A spectral hydra (D:12)
  A spectral sixfirhy (Abyss:2)
  2 ugly thing zombies (D:13)
  2 hell hog zombies (Abyss:2)
  A shock serpent zombie (Snake:1)
  A harpy zombie (Lair:6)
  2 black mamba zombies
  A two-headed ogre zombie (D:12)
  3 cane toad zombies
  A hell hound (D:13)
  2 manticore zombies
  A hornet zombie (Lair:6)
  3 blink frog zombies
  3 rime drake zombies
  12 vampire mosquito zombies
  A spectral chaos spawn (Abyss:2)
  2 hell hound zombies (D:13)
  A komodo dragon zombie (Lair:6)
  5 wyvern zombies
  A warg zombie (Orc:2)
  4 water moccasin zombies
  A cyclops zombie (D:13)
  8 yak zombies
  3 troll zombies
  A raiju zombie (Abyss:2)
  2 polar bear zombies (Lair:6)
  A spectral ice beast (D:7)
  2 wolf zombies (Lair:6)
  4 centaur zombies (Orc:2)
  A scorpion zombie (D:6)
  3 killer bee zombies (D:11)
  2 hell rat zombies (Lair:6)
  2 spectral jellies
  A steam dragon zombie (Lair:6)
  A felid zombie (D:3)
  A spectral white imp (Snake:1)
  An orc (Orc:2)
  A bat zombie (D:3)
  5 gnoll zombies
  A frilled lizard zombie (D:3)
  A goblin zombie (D:4)
  A jackal zombie (D:4)
  3 kobold zombies
  40 orc zombies
  A spectral ufetubus (Abyss:2)
  57 fungi
  97 plants
  10 starspawn tentacles (Abyss:2)
301 creatures vanquished.

Grand Total: 992 creatures vanquished

Notes
Turn   | Place    | Note
-------+----------+-------------------------------------------
     0 | D:1      | Toastz the Minotaur Fighter began the quest for the Orb.
     0 | D:1      | Reached XP level 1. HP: 19/19 MP: 0/0
   351 | D:1      | Reached XP level 2. HP: 27/27 MP: 1/1
   601 | D:1      | Reached skill level 4 in Fighting
  1098 | D:2      | Found a basalt altar of Yredelemnul.
  1122 | D:2      | Reached XP level 3. HP: 33/33 MP: 2/2
  1150 | D:2      | Became a worshipper of Yredelemnul the Dark
  1214 | D:2      | Found a faded altar of an unknown god.
  1555 | D:2      | Reached * piety under Yredelemnul
  1643 | D:3      | Noticed Natasha
  1777 | D:3      | Killed Natasha
  1778 | D:3      | Reached XP level 4. HP: 41/41 MP: 3/3
  1801 | D:3      | Noticed Grinder
  1820 | D:3      | Reached skill level 5 in Fighting
  1831 | D:3      | Killed Grinder
  1832 | D:3      | Reached skill level 6 in Fighting
  1832 | D:3      | Reached skill level 5 in Axes
  1832 | D:3      | Reached XP level 5. HP: 43/50 MP: 4/4
  1832 | D:3      | Reached XP level 6. HP: 49/57 MP: 5/5
  1955 | D:3      | Noticed an ice beast
  1963 | D:3      | Killed an ice beast
  1964 | D:3      | Reached ** piety under Yredelemnul
  2028 | D:3      | Found an ancient bone altar of Kikubaaqudgha.
  2040 | D:3      | Found a shimmering blue altar of Sif Muna.
  2042 | D:3      | Found a radiant altar of Vehumet.
  2047 | D:3      | Got Sif Muna's Grimoire of Transmigration
  2133 | D:3      | Your ally Natasha died
  2134 | D:3      | Noticed Natasha
  2145 | D:3      | Killed Natasha
  2564 | D:4      | Reached XP level 7. HP: 60/64 MP: 6/6
  2570 | D:4      | Reached skill level 7 in Fighting
  2686 | D:4      | Found a glowing drain.
  2739 | Sewer    | Entered a sewer
  3521 | D:4      | Identified the +2 scale mail of the Iron Devil {rElec
                  | Regen+ Str-5}
  3898 | D:5      | Entered Level 5 of the Dungeon
  4011 | D:5      | Reached skill level 1 in Dodging
  4020 | D:5      | Reached skill level 8 in Fighting
  4073 | D:5      | Reached XP level 8. HP: 43/74 MP: 7/7
  4224 | D:5      | Found a staircase to the Ecumenical Temple.
  4290 | D:5      | Found a hide-covered altar of Uskayaw.
  5010 | D:6      | Reached skill level 9 in Fighting
  5426 | D:6      | Reached skill level 10 in Fighting
  5562 | D:6      | Reached skill level 10 in Axes
  5562 | D:6      | Reached XP level 9. HP: 67/85 MP: 8/8
  6292 | D:7      | Found Uraatt's Armour Boutique.
  6311 | D:7      | Bought a +0 pair of gloves for 54 gold pieces
  6316 | D:7      | Bought a +2 scale mail of fire resistance for 252 gold
                  | pieces
  6539 | D:7      | Reached skill level 5 in Armour
  6754 | D:8      | Noticed a centaur warrior
  7106 | D:8      | Killed a centaur warrior
  7107 | D:8      | Reached skill level 11 in Fighting
  7842 | D:8      | Noticed Maurice
  7877 | D:8      | Killed Maurice
  7878 | D:8      | Reached skill level 12 in Fighting
  7878 | D:8      | Reached XP level 10. HP: 75/97 MP: 9/9
  7965 | D:8      | Found a sacrificial altar of Ru.
  8133 | D:8      | Noticed a moth of wrath
  8137 | D:8      | Found a bloodstained altar of Trog.
  8852 | D:9      | Reached skill level 1 in Invocations
  9367 | D:9      | Found an opulent altar of Gozag.
  9367 | D:9      | Found a hazy altar of Hepliaklqana.
  9373 | D:9      | Found a burning altar of Makhleb.
  9379 | D:9      | Found a stormy altar of Qazlal.
  9381 | D:9      | Found a glowing golden altar of the Shining One.
  9386 | D:9      | Found a shimmering altar of Xom.
  9469 | D:10     | Entered Level 10 of the Dungeon
  9523 | D:10     | Noticed a two-headed ogre
  9532 | D:10     | Killed a two-headed ogre
  9635 | D:10     | Reached skill level 13 in Fighting
  9832 | D:10     | Found a staircase to the Lair.
 10048 | D:10     | Reached *** piety under Yredelemnul
 10055 | D:10     | Reached **** piety under Yredelemnul
 10109 | D:10     | Noticed a centaur warrior
 10123 | D:10     | Killed a centaur warrior
 10145 | D:10     | Reached ***** piety under Yredelemnul
 10147 | D:10     | Found a flagged portal.
 10147 | D:10     | Noticed a two-headed ogre
 10156 | D:10     | Killed a two-headed ogre
 10157 | D:10     | Reached XP level 11. HP: 40/108 MP: 12/12
 10181 | D:10     | Reached ****** piety under Yredelemnul
 10190 | Bailey   | Entered a bailey
 10730 | Bailey   | Reached skill level 14 in Fighting
 10934 | Bailey   | Identified the +6 triple sword "Xown" {flame, rF- Int+8}
 10936 | Bailey   | Noticed an orc knight
 10955 | Bailey   | Killed an orc knight
 11231 | Bailey   | Acquired the +4 crystal plate armour of Duty {rElec rF+
                  | Str+2 Dex+3 Stlth-}
 11540 | D:11     | Noticed a brown ugly thing
 11550 | D:11     | Killed a brown ugly thing
 11898 | D:11     | Noticed a two-headed ogre
 11903 | D:11     | Killed a two-headed ogre
 12000 | D:11     | Noticed a red ugly thing
 12013 | D:11     | Killed a red ugly thing
 12018 | D:11     | Reached skill level 15 in Axes
 12715 | Lair:1   | Entered Level 1 of the Lair of Beasts
 13659 | Lair:1   | Reached skill level 15 in Fighting
 13669 | Lair:1   | Reached XP level 12. HP: 96/119 MP: 11/14
 13850 | Lair:2   | Found a runed translucent gate.
 13885 | Lair:2   | Found a runed translucent gate.
 13885 | Lair:2   | Found a runed translucent gate.
 13892 | Lair:2   | Noticed Robanleu's ghost (journeyman DjIE)
 14312 | Lair:2   | Reached skill level 5 in Invocations
 14413 | Lair:2   | Noticed a five-headed hydra
 14421 | Lair:2   | Killed a five-headed hydra
 14845 | Lair:2   | Killed Robanleu's ghost
 14846 | Lair:2   | Reached skill level 16 in Fighting
 15351 | Lair:3   | Noticed a five-headed hydra
 15373 | Lair:3   | Noticed an alligator
 15373 | Lair:3   | a five-headed hydra changed into an alligator
 15384 | Lair:3   | Killed an alligator
 15654 | Lair:3   | Noticed a boulder beetle
 15677 | Lair:3   | Killed a boulder beetle
 16181 | Lair:3   | Upgraded the game from 0.29-a0-320-g9f87420 to
                  | 0.29-a0-321-gf1c4007
 16631 | Lair:4   | Found a staircase to the Shoals.
 16928 | Lair:4   | Found a staircase to the Snake Pit.
 17166 | Lair:4   | Noticed a four-headed hydra
 17176 | Lair:4   | Killed a four-headed hydra
 17540 | Lair:5   | Reached skill level 17 in Fighting
 17747 | Lair:5   | Noticed a five-headed hydra
 17758 | Lair:5   | Reached XP level 13. HP: 100/132 MP: 18/18
 18111 | Lair:5   | Reached skill level 18 in Fighting
 18783 | Lair:6   | Entered Level 6 of the Lair of Beasts
 18783 | Lair:6   | Noticed Urug
 18788 | Lair:6   | Noticed a dire elephant
 18790 | Lair:6   | Killed Urug
 18801 | Lair:6   | Killed a dire elephant
 19064 | Lair:6   | Reached skill level 19 in Fighting
 19385 | Lair:6   | Noticed a dire elephant
 19401 | Lair:6   | Killed a dire elephant
 19435 | Lair:6   | Reached skill level 20 in Fighting
 19435 | Lair:6   | Reached skill level 5 in Dodging
 19442 | Lair:6   | Reached XP level 14. HP: 104/148 MP: 13/19
 19447 | Lair:6   | Identified the +7 great mace "Ogrebane" {spect, rCorr Str+6
                  | Stlth+}
 19676 | Lair:6   | Reached skill level 10 in Armour
 20191 | Lair:6   | Found a staircase to the Slime Pits.
 21365 | D:12     | Identified the +5 great mace of the Majestic God {drain,
                  | *Rage Will+ Int+4 SInv}
 21508 | D:12     | Found a staircase to the Orcish Mines.
 21508 | D:12     | You fall into a shaft and drop 3 floors!
 21508 | D:15     | Entered Level 15 of the Dungeon
 22851 | D:13     | Found a gate to the Vaults.
 23517 | D:13     | HP: 2/148 [skeletal warrior/+0 glaive[a skeletal warrior]
                  | (23)]
 24184 | D:13     | Noticed Azrael
 24201 | D:13     | Killed Azrael
 25099 | Orc:1    | Entered Level 1 of the Orcish Mines
 25157 | Orc:1    | Reached skill level 15 in Armour
 25266 | Orc:2    | Entered Level 2 of the Orcish Mines
 25289 | Orc:2    | Found Igennua's Weapon Shop.
 25372 | Orc:2    | Reached XP level 15. HP: 101/155 MP: 20/20
 25800 | Orc:2    | Found Mausk's Assorted Antiques.
 25800 | Orc:2    | Found Tuytt's Distillery.
 25804 | Orc:2    | Found Vaoplur's Book Boutique.
 25806 | Orc:2    | Found Ozxucaoh's General Store.
 25841 | Orc:2    | Found a staircase to the Elven Halls.
 26248 | Orc:1    | You fall into a shaft and drop 1 floor!
 27492 | D:15     | Noticed Jorgrun
 27492 | D:15     | Noticed Rupert
 27501 | D:14     | Killed Rupert
 27694 | Snake:1  | Entered Level 1 of the Snake Pit
 27826 | Snake:1  | Found a blossoming altar of Fedhas.
 27966 | Snake:1  | Noticed Louise
 27969 | Snake:1  | Cast into level 2 of the Abyss (Louise)
 28089 | Abyss:2  | Noticed a tentacled starspawn
 28236 | Abyss:2  | Noticed a tentacled starspawn
 28421 | Snake:1  | Escaped the Abyss
 28429 | Snake:1  | Noticed Aizul
 28822 | Shoals:1 | Entered Level 1 of the Shoals
 28823 | Shoals:1 | Found Oloo's Weapon Boutique.
 28840 | Shoals:1 | Slain by an alligator snapping turtle

Illustrated notes

Levels and vault maps discovered:
D:1:      minmay_arrival_hallway, layout_basic
D:2:      layout_rooms, chequers_ecumenical_altar_simple, basic_altar
D:3:      layout_rooms, grunt_temple_overflow_magic_moments,
          minmay_starry_boxes, uniq_natasha, uniq_grinder
D:4:      layout_basic, cheibrodos_sewer_entry_drain, corner_web_ring
D:5:      layout_basic, nicolae_uskayaw_murder_on_the_dancefloor,
          minmay_temple_entry_statues_pillars
D:6:      layout_rooms
D:7:      layout_basic, serial_shops, shop_coins
D:8:      layout_gridville, nicolae_ru_awakened_eye, tgw_trog, uniq_maurice
D:9:      layout_roguey, nicolae_overflow_hallway_of_the_gods
D:10:     layout_basic, erik_lair_orcish_takeover, enter_bailey_5
D:11:     layout_long_grid, skrybe_limestone_x
D:12:     layout_loops_cross, orc_0_dummy
D:13:     layout_grid_maze, erik_vaults_1, grunt_livestock, uniq_azrael
D:14:     layout_rooms
D:15:     hangedman_depths_entry_civil_slaughter, layout_rooms,
          small_statue_intersection, dreamdust_looks_like_rain, uniq_josephine,
          uniq_jorgrun, uniq_rupert
Lair:1:   layout_misc_corridors, wad_woods_03
Lair:2:   layout_cave_pods, gammafunk_ghost_split, lemuel_fruit_fields
Lair:3:   layout_loops_ring, nzn_sisyphean_effort
Lair:4:   layout_regular_city, minmay_shoals_entry_hut,
          guppyfry_snake_entry_garden, infiniplex_staircase_pool
Lair:5:   layout_hall_layers, beast_lair_carwin_8, grunt_megastairs_3
Lair:6:   gammafunk_lair_ancient_temple, layout_gridlike,
          minmay_slime_entry_oklob_enclosed, uniq_urug
Shoals:1: cheibrodos_shoals_roost, layout_shoals, serial_shops,
          nicolae_shop_advertising_works [nicolae_subvault_shop_adworks],
          nicolae_lakefront_shop, shop, shop, nicolae_shoals_so_close,
          uniq_nikola
Snake:1:  layout_misc_corridors, lemuel_oklob_altar, minmay_shop_star,
          uniq_aizul, uniq_louise
Orc:1:    layout_diamond_mine, minmay_orc_barracks
Orc:2:    st_orc_rangers, layout_caves, serial_shops,
          nicolae_shop_bloodbath_and_beyond

Skill      XL: |  1  2  3  4  5  6  7  8  9 10 11 12 13 14 15 |
---------------+----------------------------------------------+-----
Axes           | 3 4 5 6 7 10 11 13 15 16 | 16.0
Fighting       | 4 6 8 10 12 13 15 17 20 | 20.8
Armour         | 4 6 8 9 15 | 15.8
Dodging        | 1 2 5 7 8 |  8.7
Invocations    | 3 4 8 |  8.0
Shields        | |  3.7

Action                   |  1- 3 |  4- 6 |  7- 9 | 10-12 | 13-15 || total
-------------------------+-------+-------+-------+-------+-------++-------
Melee: War axe           |    67 |    61 |   240 |   540 |   292 ||  1200
       Headbutt          |     9 |     8 |    39 |   135 |   195 ||   386
       Flail             |       |       |       |     6 |     5 ||    11
       Battleaxe         |       |       |       |       |   447 ||   447
       Punch             |       |       |       |       |     1 ||     1
Throw: Stone             |    42 |       |     6 |       |       ||    48
       Boomerang         |     9 |       |    16 |     5 |     5 ||    35
       Javelin           |       |       |    12 |    16 |    15 ||    43
       Dart              |       |       |     2 |     1 |       ||     3
Invok: Recall Undead Har |     1 |     1 |     2 |     6 |     6 ||    16
       Drain Life        |       |       |       |       |     1 ||     1
       Bind Soul         |       |       |       |       |     1 ||     1
Evoke: Wand              |       |       |       |    12 |       ||    12
  Use: Scroll            |       |     1 |     6 |    13 |    21 ||    41
       Potion            |       |       |       |     1 |     4 ||     5
 Stab: Distracted        |       |       |     1 |     4 |    13 ||    18
Armor: Scale mail        |    38 |    25 |   113 |   120 |       ||   296
       Crystal plate arm |       |       |       |   253 |   848 ||  1101
Dodge: Dodged            |    35 |    26 |   120 |   190 |   387 ||   758
Block: Buckler           |    19 |    12 |    58 |   119 |    61 ||   269

Table legend: (Time is in decaauts)
 A = Elapsed time spent in this place.
 B = Non-inter-level travel time spent in this place.
 C = Inter-level travel time spent in this place.
 D = Time resting spent in this place.
 E = Time spent auto-exploring this place.
 F = Levels seen in this place.
 G = Mean time per level.
                   A        B        C        D        E       F      G
               +--------+--------+--------+--------+--------+-----+--------+
         Total |  28831 |  27132 |   1699 |   5761 |  16683 |  28 | 1029.7 |
       Dungeon |  16589 |  15740 |    849 |   3812 |   9215 |  15 | 1105.9 |
          Lair |   8258 |   7576 |    682 |   1138 |   5479 |   6 | 1376.3 |
        Shoals |     17 |     17 |      0 |      0 |      0 |   1 |   17.0 |
     Snake Pit |    299 |    290 |      9 |      0 |    194 |   1 |  299.0 |
  Orcish Mines |   1899 |   1742 |    157 |    134 |   1244 |   2 |  949.5 |
         Abyss |    445 |    445 |      0 |     98 |      0 |   1 |  445.0 |
         Sewer |    198 |    198 |      0 |    103 |     46 |   1 |  198.0 |
        Bailey |   1124 |   1124 |      0 |    476 |    505 |   1 | 1124.0 |
               +--------+--------+--------+--------+--------+-----+--------+

Top non-repeatable levels by time:
    D:13: 2670 daAuts
  Lair:6: 1719 daAuts
  Lair:4: 1613 daAuts
     D:8: 1582 daAuts
  Lair:5: 1382 daAuts
  Lair:2: 1303 daAuts
     D:4: 1261 daAuts
    D:14: 1260 daAuts
    D:11: 1208 daAuts
  Lair:1: 1195 daAuts
  Bailey: 1124 daAuts
     D:1: 1108 daAuts
     D:9: 1105 daAuts
    D:12: 1068 daAuts
   Orc:2: 1056 daAuts
